 Dungeon Crawl Stone Soup version 0.20.0-7-g3b7b877 (webtiles) character file.

81 Gidget the Chopper (level 4, -1/39 HPs)
             Began as a Hill Orc Fighter on May 30, 2017.
             Slain by a gnoll
             ... wielding a +0 flail
              (6 damage)
             ... on level 2 of the Dungeon.
             The game lasted 00:06:30 (1888 turns).

Gidget the Chopper (Hill Orc Fighter)               Turns: 1888, Time: 00:06:30

Health: -1/39      AC:  6    Str: 23    XL:     4   Next: 40%
Magic:  4/4        EV:  7    Int:  8    God:
Gold:   107        SH:  9    Dex: 11    Spells: 3/3 levels left

rFire    . . .     SeeInvis .   a - +0 war axe
rCold    . . .     Gourm    .   c - +0 shield
rNeg     . . .     Faith    .   b - +0 scale mail
rPois    .         Spirit   .   (no helmet)
rElec    .         Reflect  .   (no cloak)
rCorr    +         Harm     .   (no gloves)
MR       .....                  (no boots)
Stlth    ..........             (no amulet)
Regen    0.2/turn               m - ring of resist corrosion
MPRegen  0.1/turn               (no ring)

@: mighty
A: no striking features
a: no special abilities


You were on level 2 of the Dungeon.
You were not hungry.

You visited 1 branch of the dungeon, and saw 3 of its levels.

You collected 107 gold pieces.

Inventory:

Hand Weapons
 a - a +0 war axe (weapon)
Armour
 b - a +0 scale mail (worn)
 c - a +0 shield (worn)
Jewellery
 m - a ring of resist corrosion (left hand)
Scrolls
 g - 2 scrolls of enchant armour {unknown}
 h - a scroll of amnesia {unknown}
 i - a scroll of teleportation {unknown}
 j - 2 scrolls of remove curse {unknown}
 k - 2 scrolls of identify {unknown}
 r - a scroll of random uselessness {unknown}
Potions
 d - a potion of might
 e - a potion of agility {unknown}
 l - a potion of berserk rage {unknown}
 o - a potion of heal wounds {unknown}
 s - a potion of flight {unknown}
Comestibles
 f - 2 bread rations
 n - a meat ration
 p - 4 fruits
 q - a royal jelly
 t - a chunk of flesh


   Skills:
 - Level 3.6 Fighting
 + Level 6.0 Axes
 - Level 3.2 Armour
 - Level 3.2 Shields


You had 3 spell levels left.
You didn't know any spells.

Dungeon Overview and Level Annotations

Branches:
Dungeon (3/15)

Altars:
Fedhas


Message History

Your shield and scale mail prevent you from hitting the gnoll.
The gnoll is almost dead.
You hit the gnoll. The gnoll hits you but does no damage.
The gnoll barely misses you.
You hit the gnoll but do no damage.
The gnoll is almost dead.
You closely miss the gnoll.
Your shield prevents you from hitting the gnoll.
The gnoll hits you.
The gnoll hits you from afar with a spear.
The gnoll hits you with a flail!
* * * LOW HITPOINT WARNING * * *
You block the gnoll's attack. The gnoll closely misses you.
The gnoll hits you but does no damage. x2
You climb upwards.
There is a stone staircase leading down here.
You feel very mighty all of a sudden. You block the gnoll's attack.
The gnoll hits you but does no damage. The gnoll hits you with a flail.
You die...

#.......#...# #...###.# #.###.#
#.>.........####...##.## #.# #.#
#..#...................####.###.#
#.###.#.########...##.......^....
.## ##.....# ##.###.......###..
#.###.####.# #.# ######### #..
##.#.### #.# #.# ##.. #.....#
#.######g# ##.#. #≈≈≈≈≈#
#.....g@g# #.### ##≈≈_≈≈#
#.######## ##.#. ##.≈≈≈≈# #.#
#... ....≈≈≈###.# #.#.
##.........## #.#. ####........#
#.#. .# ########.# #.#. .# #.#
#.#. .# #.# #...


You could see 3 gnolls.

Vanquished Creatures
  3 adders (D:2)
  A dart slug (D:2)
  6 bats
  2 giant cockroaches (D:1)
  6 hobgoblins
  6 jackals
  5 kobolds (D:1)
  3 frilled lizards
  7 goblins
  8 rats
47 creatures vanquished.

Notes
Turn   | Place    | Note
-------+----------+-------------------------------------------
     0 | D:1      | Gidget the Hill Orc Fighter began the quest for the Orb.
     0 | D:1      | Reached XP level 1. HP: 19/19 MP: 1/1
   148 | D:1      | Reached skill level 3 in Axes
   224 | D:1      | Reached XP level 2. HP: 26/26 MP: 2/2
   288 | D:1      | Reached skill level 4 in Axes
   561 | D:1      | Reached XP level 3. HP: 31/31 MP: 3/3
  1081 | D:2      | Found a blossoming altar of Fedhas.
  1099 | D:2      | Reached skill level 5 in Axes
  1362 | D:2      | Reached XP level 4. HP: 28/39 MP: 4/4
  1707 | D:2      | Reached skill level 6 in Axes
  1888 | D:2      | Slain by a gnoll

Skill      XL: |  1  2  3  4 |
---------------+-------------+-----
Axes           | 3 4 5 6 |  6.0
Fighting       | |  3.6
Armour         | |  3.2
Shields        | |  3.2

Action                   |  1- 3 |  4- 6 || total
-------------------------+-------+-------++-------
Melee: War axe           |   109 |    33 ||   142
  Use: Potion            |       |     1 ||     1
  Eat: Chunk             |     2 |     1 ||     3
Armor: Scale mail        |    46 |    16 ||    62
Dodge: Dodged            |    38 |    12 ||    50
Block: Shield            |    58 |    18 ||    76
